 Dungeon Crawl Stone Soup version 0.31-a0-219-g8d62b2e7bb (webtiles) character file.

Game seed: 899820826040444885

1744411 Anon1729 the Minotaur Porcupine (level 27, 254/254 HPs)
             Began as a Minotaur Monk on July 3, 2023.
             Was a Follower of Uskayaw.
             Escaped with the Orb
             ... and 3 runes!
             The game lasted 01:18:04 (69364 turns).

Anon1729 the Minotaur Porcupine (Minotaur Monk)    Turns: 69364, Time: 01:18:04

Health: 254/254    AC: 55    Str: 31      XL:     27
Magic:  35/35      EV: 13    Int:  7 (10) God:    Uskayaw [*.....]
Gold:   5180       SH: 19    Dex: 15 (17) Spells: 26/26 levels left

rFire   + + .        f - +18 lance "Wyrmbane" {slay drac, rPois rF+ rC+ AC+3}
rCold   + . .        O - +3 kite shield
rNeg    + . .        r - +9 crystal plate armour
rPois   +            (helmet restricted)
rElec   +            C - +1 cloak of True Grit {rPois rCorr Dex-3}
rCorr   +            R - +2 pair of gloves
SInv    +            M - +3 pair of boots "Suemo" {rF+}
Will    ++...        Q - amulet of faith Stlth
                     s - ring of Garaovap {rElec rPois Str+6 Int+3 SInv}
HPRegen 0.62/turn    p - ring "Lipnihoff" {Fly rN+ Dex+4 Stlth-}
MPRegen 0.24/turn

%: faith
@: flying
A: horns 2, retaliatory headbutt, hooves 1, clumsy 1, deterioration 1, screaming
2
0: Orb of Zot
}: 3/15 runes: barnacled, slimy, gossamer
a: Renounce Religion, Stomp


You escaped.
You worshipped Uskayaw.
Uskayaw was most pleased with you.
You visited 11 branches of the dungeon, and saw 52 of its levels.
You visited the Abyss 4 times.

You collected 8757 gold pieces.
You spent 3577 gold pieces at shops.

Inventory:

Hand Weapons
 f - the +18 lance "Wyrmbane" (weapon) {slay drac, rPois rF+ rC+ AC+3}
   (You found it on level 6 of the Dungeon)

   AC:        It affects your AC (+3).
   rF:        It protects you from fire.
   rC:        It protects you from cold.
   rPois:     It protects you from poison.
Missiles
 t - 16 curare-tipped darts
 S - 7 throwing nets
Armour
 i - a scarf of harm
 r - a +9 crystal plate armour (worn)
 C - the +1 cloak of True Grit (worn) {rPois rCorr Dex-3}
   (You found it on level 3 of the Shoals)

   Dex:       It affects your dexterity (-3).
   rPois:     It protects you from poison.
   rCorr:     It protects you from acid and corrosion.
 L - a +2 hat
 M - the +3 pair of boots "Suemo" (worn) {rF+}
   (You found it on level 12 of the Dungeon)

   rF:        It protects you from fire.
 O - a +3 kite shield (worn)
 R - a +2 pair of gloves (worn)
Jewellery
 j - an amulet of reflection
 p - the ring "Lipnihoff" (right hand) {Fly rN+ Dex+4 Stlth-}
   (You found it on level 3 of the Shoals)

   [ring of positive energy]

   Dex:       It affects your dexterity (+4).
   rN:        It protects you from negative energy.
   Fly:       It grants you flight.
   Stlth:     It makes you less stealthy.
 s - the ring of Garaovap (left hand) {rElec rPois Str+6 Int+3 SInv}
   (You found it on level 3 of the Elven Halls)

   [ring of strength]

   Str:       It affects your strength (+6).
   Int:       It affects your intelligence (+3).
   rElec:     It insulates you from electricity.
   rPois:     It protects you from poison.
   SInv:      It lets you see invisible.
 u - a ring of protection from fire
 w - the ring "Gaseas" {rF+ Stlth+}
   (You took it off a hell knight on level 2 of the Depths)

   [ring of protection from fire]

   rF:        It protects you from fire.
   Stlth:     It makes you more stealthy.
 E - a ring of protection from fire
 H - a ring of willpower
 K - a ring of resist corrosion
 Q - an amulet of faith (around neck)
 X - an amulet of regeneration
Wands
 a - a wand of mindburst (34)
 c - a wand of flame (77)
 k - a wand of paralysis (54)
 m - a wand of polymorph (26)
 v - a wand of digging (7)
 P - a wand of light (11)
 T - a wand of iceblast (73)
Scrolls
 g - 17 scrolls of teleportation
 l - 7 scrolls of immolation
 q - 8 scrolls of vulnerability
 y - 4 scrolls of poison
 B - 11 scrolls of blinking
 D - 4 scrolls of silence
 F - 8 scrolls of revelation
 N - 6 scrolls of fog
 U - 7 scrolls of fear
 Y - a scroll of butterflies
Potions
 b - 7 potions of enlightenment
 d - 6 potions of heal wounds
 e - 7 potions of mutation
 h - 8 potions of lignification
 n - 12 potions of attraction
 o - 13 potions of curing
 x - 6 potions of berserk rage
 z - 6 potions of might
 A - 8 potions of brilliance
 G - 2 potions of ambrosia
 I - 9 potions of magic
 J - 3 potions of haste
 V - 9 potions of resistance
 W - 3 potions of invisibility
 Z - 12 potions of cancellation


   Skills:
 + Level 22.3 Fighting
 - Level 6.5 Short Blades
 O Level 27 Polearms
 * Level 10.1 Throwing
 * Level 26.9 Armour
 - Level 12.5 Dodging
 * Level 9.2 Stealth
 + Level 21.0 Shields
 + Level 18.9 Invocations
 * Level 8.7 Evocations


You had 26 spell levels left.
You didn't know any spells.
Your spell library contained the following spells:

 Spells                   Type           Power      Damage    Failure   Level
 Apportation              Tloc           0%         N/A       95%         1
 Beastly Appendage        Tmut           0%         N/A       95%         1
 Sandblast                Erth           0%         2d4       95%         1
 Shock                    Conj/Air       0%         1d3       95%         1
 Blink                    Tloc           0%         N/A       99%         2
 Cigotuvi's Dreadful Rot  Necr/Pois/Air  0%         N/A       99%         2
 Lesser Beckoning         Tloc           0%         N/A       99%         2
 Momentum Strike          Conj/Tloc      0%         3d8       99%         2
 Passwall                 Tmut/Erth      0%         N/A       99%         2
 Poisonous Vapours        Pois/Air       0%         N/A       99%         2
 Static Discharge         Conj/Air       0%         2-2/arc   99%         2
 Sublimation of Blood     Necr           0%         N/A       99%         2
 Call Canine Familiar     Summ           0%         N/A       100%        3
 Dazzling Flash           Conj/Hex       0%         N/A       100%        3
 Gell's Gravitas          Tloc           0%         N/A       100%        3
 Ignite Poison            Fire/Tmut/Pois 0%         N/A       100%        3
 Mephitic Cloud           Conj/Pois/Air  0%         N/A       100%        3
 Ozocubu's Armour         Ice            0%         N/A       100%        3
 Portal Projectile        Hex/Tloc       0%         N/A       100%        3
 Spider Form              Tmut/Pois      0%         N/A       100%        3
 Stone Arrow              Conj/Erth      0%         3d7       100%        3
 Swiftness                Air            0%         N/A       100%        3
 Teleport Other           Tloc           0%         N/A       100%        3
 Tukima's Dance           Hex            0%         N/A       100%        3
 Vhi's Electric Charge    Tloc/Air       0%         N/A       100%        3
 Volatile Blastmotes      Fire/Tloc      0%         2d10      100%        3
 Airstrike                Air            0%         2d(0-16)  100%        4
 Anguish                  Hex/Necr       0%         N/A       100%        4
 Animate Dead             Necr           0%         N/A       100%        4
 Dispel Undead            Necr           0%         3d6       100%        4
 Fulminant Prism          Conj/Hex       0%         3d5       100%        4
 Iskenderun's Mystic Bla  Conj/Tloc      0%         2d3       100%        4
 Leda's Liquefaction      Hex/Erth       0%         N/A       100%        4
 Passage of Golubria      Tloc           0%         N/A       100%        4
 Petrify                  Tmut/Erth      0%         N/A       100%        4
 Summon Ice Beast         Ice/Summ       0%         N/A       100%        4
 Summon Lightning Spire   Summ/Air       0%         N/A       100%        4
 Agony                    Necr           0%         N/A       100%        5
 Alistair's Intoxication  Tmut/Pois      0%         N/A       100%        5
 Arcjolt                  Conj/Air       0%         1d10      100%        5
 Blade Hands              Tmut           0%         N/A       100%        5
 Borgnjor's Vile Clutch   Necr/Erth      0%         N/A       100%        5
 Freezing Cloud           Conj/Ice/Air   0%         6-21      100%        5
 Irradiate                Conj/Tmut      0%         3d11      100%        5
 Lee's Rapid Deconstruct  Erth           0%         3d4*      100%        5
 Metabolic Englaciation   Hex/Ice        0%         N/A       100%        5
 Silence                  Hex/Air        0%         N/A       100%        5
 Summon Mana Viper        Hex/Summ       0%         N/A       100%        5
 Yara's Violent Unravell  Hex/Tmut       0%         3d3       100%        5
 Death Channel            Necr           0%         N/A       100%        6
 Dispersal                Tloc           0%         N/A       100%        6
 Eringya's Noxious Bog    Tmut/Pois      0%         N/A       100%        6
 Plasma Beam              Fire/Air       0%         2x1d10    100%        6
 Simulacrum               Ice/Necr       0%         N/A       100%        6
 Starburst                Conj/Fire      0%         6d3       100%        6
 Statue Form              Tmut/Erth      0%         N/A       100%        6
 Dragon Form              Tmut           0%         N/A       100%        7
 Malign Gateway           Summ/Tloc      0%         N/A       100%        7
 Monstrous Menagerie      Summ           0%         N/A       100%        7
 Ozocubu's Refrigeration  Ice            0%         4d7       100%        7
 Borgnjor's Revivificati  Necr           0%         N/A       100%        8
 Lehudib's Crystal Spear  Conj/Erth      0%         10d2      100%        8
 Necromutation            Tmut/Necr      0%         N/A       100%        8
 Summon Horrible Things   Summ           0%         N/A       100%        8
 Death's Door             Necr           0%         N/A       100%        9


Dungeon Overview and Level Annotations

Branches:
Dungeon (15/15)            Temple (1/1) D:5            Lair (5/5) D:9
 Shoals (4/4) Lair:2       Spider (4/4) Lair:2        Slime (5/5) Lair:5
    Orc (2/2) D:12            Elf (3/3) Orc:2        Vaults (4/5) D:13
  Crypt (0/3) Vaults:3     Depths (4/4) D:15            Zot (5/5) Depths:4

Altars:
Ashenzari
Cheibriados
Dithmenos
Elyvilon
Fedhas
Gozag
Hepliaklqana
Kikubaaqudgha
Makhleb
Nemelex Xobeh
Okawaru
Qazlal
Ru
Sif Muna
Trog
Uskayaw
Vehumet
Wu Jian
Xom
Yredelemnul
Zin
The Shining One
Jiyva

Shops:
D:3 ?   D:12 [   D:14 (   Orc:2 [*(:   Vaults:3 [   Vaults:4 (   Depths:1 [

Portals:
Hell: Depths:1 Depths:2 Depths:3 Depths:4
Abyss: Depths:3
Pandemonium: Depths:2
Ziggurat: Depths:3

Annotations:
Elf:2 3 runed translucent doors
Depths:4 3 runed translucent doors, psellion's ghost, veteran TrEE
Zot:3 exclusion: orange crystal statue


Innate Abilities, Weirdness & Mutations

You have a pair of horns on your head.
You reflexively headbutt those who attack you in melee.
You have large cloven feet.
You are clumsy. (Dex -2)
Your body sometimes deteriorates upon taking damage.
You frequently scream uncontrollably at your foes.


Message History

The angel is lightly wounded.
The angel hits you but does no damage.
The angel hits you with a +2 whip of holy wrath.
You miss the angel. Your headbutt misses the angel.
The angel is lightly wounded.
You block the angel's attack. x2
You puncture the angel! Your headbutt misses the angel.
The angel is lightly wounded.
The angel closely misses you. You furiously retaliate!
You headbutt the angel! You block the angel's attack.
You puncture the angel! You headbutt the angel.
The angel is heavily wounded.
The angel hits you but does no damage. x2
You can now pass through a line of other dancers.
You impale the angel!!
The angel is severely wounded.
You impale the angel!! Your headbutt misses the angel.
The angel is almost dead.
The angel gestures.
The angel is healed somewhat.
You impale the angel!!
You kill the angel!
Uskayaw will force your foes to helplessly watch your dance.
No target in view!
No target in view!
No target in view!
No target in view!
No target in view!
(D) Dungeon (T) Temple (L) Lair (A) Shoals (N) Spider Nest (M) Slime Pits (O) Orcish Mines (E) Elven Halls (V) Vaults (C) Crypt (U) Depths (H) Hell (Z) Zot
Where to? (Enter - D:1 @ (x,y), ? - help) HP restored.
You see here a +0 dagger.
The black mamba hisses angrily.
The hound barks!
The black bear growls angrily.
A red devil comes into view.
It is wielding a +1 vampiric demon trident.
There is a staircase leading out of the dungeon here.
You have escaped!

# #.#.#
###.8.......8.###
# #.#.#
#.........).....#
# #.#.#
#.8..#######..8.#
# #.#.#
#....#BhSlh#....#
# #...#
#.8..#######..8.#
# #####
#...............#
#
###.............#
# ##########....#
# #@.....4..### #
########### # #


You could see a red devil.

Vanquished Creatures
  the Royal Jelly (Slime:5)
  A dread lich (Zot:5)
  10 orbs of fire
  Mara (Elf:3)
  A juggernaut (Depths:3)
  Vv (Depths:2)
  3 Killer Klowns (Zot:5)
  Saint Roka (Depths:4)
  A caustic shrike (Depths:3)
  A curse toe (Zot:4)
  8 golden dragons
  2 bone dragons (Abyss:3)
  A Tzitzimitl (Depths:3)
  6 electric golems
  A shard shrike zombie (Abyss:3)
  A Hell Sentinel (D:9)
  Zenata (Vaults:1)
  26 Orb Guardians
  A walking earthen tome (Depths:3)
  Jorgrun (Orc:1)
  Asterion (Spider:2)
  A deep elf blademaster (Elf:3)
  17 tentacled monstrosities
  3 liches
  7 quicksilver dragons
  4 krakens
  4 deep elf master archers (Elf:3)
  13 acid blobs
  An eldritch tentacle (Shoals:3)
  2 tentacled starspawn (Abyss:3)
  11 death cobs
  Polyphemus (Shoals:4)
  11 shadow dragons
  Frances (Elf:1)
  5 sphinxes
  Gastronok (Lair:1)
  The ghost of Vony the Unseen, an adept OpMo of Ashenzari (Shoals:2)
  2 tengu reavers
  Roxanne (Elf:2)
  24 storm dragons
  The ghost of Tagocin the Severer, an adept DsBe of Trog (Spider:3)
  13 draconian monks
  12 rockslimes
  3 draconian knights (Zot:4)
  10 draconian scorchers
  8 fire giants
  6 azure jellies
  5 iron dragons
  A balrug (Depths:1)
  8 deep elf sorcerers
  8 vault wardens
  11 frost giants
  7 emperor scorpions
  Louise (Depths:3)
  6 ghost moths
  14 ironbound preservers
  4 draconian shifters
  An orc warlord (Orc:2)
  An angel (D:1)
  A cacodemon (Abyss:3)
  2 reapers
  26 very ugly things
  12 draconian annihilators
  6 formless jellyfish
  A spriggan defender (Depths:4)
  2 broodmothers (Spider:4)
  6 war gargoyles
  7 stone giants
  5 deep elf elementalists
  2 draconian stormcallers
  18 black draconians
  14 quicksilver oozes
  3 ironbound thunderhulks
  2 vampire knights
  6 green draconians
  Nessos (D:15)
  14 dire elephants (Vaults:4)
  12 deep elf annihilators (Elf:3)
  7 red draconians
  5 deep elf demonologists (Elf:3)
  11 white draconians
  Azrael (Elf:1)
  8 purple draconians
  8 spark wasps
  A bunyip (Abyss:3)
  11 yellow draconians
  4 blizzard demons
  6 deep elf death magi
  4 merfolk javelineers
  The ghost of Zanukk the Eclecticist, a journeyman SpDe of Jiyva (Elf:2)
  2 merfolk impalers (Shoals:4)
  A crystal guardian (Vaults:2)
  7 ettins
  2 green deaths
  A deep elf high priest (Elf:3)
  12 fire dragons
  7 yaktaur captains
  2 jiangshi (Depths:2)
  3 entropy weavers
  8 great orbs of eyes
  Harold (D:9)
  5 rakshasas
  4 hydras
  9 vault guards
  A hell beast (Depths:1)
  3 merfolk avatars (Shoals:4)
  2 catoblepae
  5 peacekeepers
  An anaconda (shapeshifter) (Depths:2)
  4 spriggan air magi
  9 centaur warriors
  A ghost crab (Spider:2)
  7 ice dragons
  An alligator snapping turtle (Shoals:4)
  A death knight (D:15)
  Erica (D:8)
  An ogre mage (D:15)
  8 merfolk aquamancers
  4 boulder beetles
  A jorogumo (Spider:3)
  4 radroaches
  2 satyrs (Shoals:4)
  The ghost of Anon1729 the Fighter, a novice MiMo of Uskayaw (D:8)
  17 dancing weapons
  7 ironbound frosthearts
  8 two-headed ogres
  A satyr (shapeshifter) (Elf:2)
  5 tengu warriors
  4 death yaks
  5 demonic crawlers
  2 vampire magi
  A naga warrior (Abyss:3)
  6 orc high priests
  4 deep troll shamans
  5 thrashing horrors (Abyss:3)
  3 hell hogs (D:11)
  9 deep troll earth magi
  5 spriggan berserkers
  4 shock serpents (Zot:4)
  13 deep elf knights
  Urug (Lair:2)
  A soul eater (Depths:1)
  7 sixfirhies
  3 skysharks
  14 hell knights
  9 iron trolls
  Sonja (D:12)
  3 sun demons
  8 wretched stars
  A storm dragon zombie (D:15)
  A salamander mystic (Depths:2)
  13 skeletal warriors
  6 pharaoh ants
  Lodul (D:13)
  11 orb spiders
  10 sea snakes
  2 sun moths (Spider:3)
  79 slime creatures
  54 deep trolls
  4 glowing orange brains
  12 lindwurms
  A flayed ghost (D:15)
  6 wizards
  An orange crystal statue (Vaults:2)
  A swamp dragon (Lair:5)
  11 ironbound convokers
  8 orc knights
  6 steelbarb worms
  Pikel (D:5)
  An obsidian statue (Zot:5)
  11 deep elf archers
  21 harpies
  3 phantasmal warriors
  24 wolf spiders
  8 necromancers
  A mana viper (Abyss:3)
  25 deep elf pyromancers
  24 deep elf zephyrmancers
  A will-o-the-wisp (Abyss:3)
  5 shining eyes
  4 orc sorcerers
  41 ugly things
  3 salamanders (Depths:2)
  8 fauns
  21 moths of wrath
  A fire giant zombie (D:15)
  2 stone giant zombies (Vaults:2)
  7 manticores
  4 oklob plants (Lair:3)
  3 cyclopes
  A guardian serpent (shapeshifter) (Spider:3)
  9 merfolk sirens
  16 elephants
  4 water nymphs
  Maurice (D:8)
  6 torpor snails
  An orange demon (Depths:2)
  21 vault sentinels
  2 guardian serpents
  13 black mambas
  4 rust devils (Depths:2)
  A spriggan zombie (D:15)
  A smoke demon (Abyss:3)
  Maggie (D:7)
  2 gargoyles (D:11)
  An unseen horror (Abyss:3)
  2 hellions
  A kobold demonologist (D:13)
  11 komodo dragons
  33 yaktaurs
  A komodo dragon (shapeshifter) (Abyss:3)
  3 rime drakes
  12 cane toads
  An ice devil (Depths:2)
  An efreet (D:15)
  2 red devils (Zot:1)
  3 ancient zymes
  A tormentor (Depths:1)
  A tengu conjurer (Depths:2)
  26 merfolk
  2 hellwings
  6 meliai
  4 polar bears
  3 tyrant leeches (Spider:2)
  9 wind drakes
  2 hornets (Lair:5)
  8 trolls
  23 tarantellas
  10 raiju
  Prince Ribbit (D:9)
  9 snapping turtles
  9 dream sheep
  10 blink frogs
  2 ynoxinuls
  22 jumping spiders
  Sigmund (D:2)
  A centaur simulacrum (D:14)
  16 water elementals
  A spriggan (shapeshifter) (D:15)
  A spriggan skeleton (D:15)
  A wraith (D:11)
  5 shadows (D:11)
  16 culicivoras
  A wyvern (shapeshifter) (Elf:1)
  54 yaks
  4 fire bats (Abyss:3)
  11 wyverns
  10 fire elementals
  A basilisk (shapeshifter) (Elf:1)
  55 redbacks
  Grum (D:10)
  7 golden eyes
  3 chaos spawn
  13 vampire mosquitoes
  A fire bat (shapeshifter) (Elf:1)
  9 large abominations
  4 neqoxecs
  8 wargs
  4 steam dragons
  A naga (Abyss:3)
  An acid dragon (Lair:5)
  Duvessa (D:7)
  A floating eye (Slime:5)
  2 hell hounds (Elf:1)
  19 water moccasins
  A floating eye (shapeshifter) (Depths:4)
  An ice beast (D:5)
  40 orc warriors
  5 swamp drakes
  A black bear (D:6)
  A glowing shapeshifter skeleton (Vaults:2)
  A sky beast (D:7)
  17 ogres
  10 wolves
  A boggart (shapeshifter) (Elf:1)
  6 centaurs
  2 kobold brigands
  5 small abominations (Abyss:3)
  3 bullfrogs
  3 elf zombies (Elf:1)
  2 gnoll sergeants
  2 scorpions
  6 earth elementals
  Dowan (D:7)
  10 killer bees
  6 electric eels
  2 hounds
  A gnoll bouda (D:4)
  5 jellies
  16 orc priests
  Crazy Yiuf (D:5)
  An iguana (shapeshifter) (Depths:3)
  2 sleepcaps
  6 starcursed masses (Abyss:3)
  Natasha (thrice) (D:2)
  6 lightning spires
  8 iguanas
  20 orc wizards
  Robin (D:2)
  9 gnolls
  7 adders
  4 white imps
  3 ufetubi
  A worm (D:4)
  A dart slug (D:4)
  68 orcs
  7 ball pythons
  8 endoplasms
  A giant cockroach (D:3)
  17 goblins
  12 hobgoblins
  3 jackals (D:1)
  14 kobolds
  5 quokkas
  5 bats
  3 frilled lizards
  6 rats
  A rat (shapeshifter) (Elf:1)
  A ball lightning (Zot:4)
  A butterfly (D:5)
  9 tentacles
2158 creatures vanquished.

Vanquished Creatures (others)
  A black draconian (Zot:4)
  A vault guard (Vaults:2)
  An ice dragon (Depths:1)
  2 deep elf knights (Elf:2)
  A deep elf pyromancer (Elf:2)
  A moth of wrath (Zot:4)
  A hellion (Zot:3)
  2 tyrant leeches (Spider:2)
  A raiju (Abyss:3)
  A small abomination (Abyss:3)
  A large abomination (Abyss:3)
  An iguana (Lair:5)
  An orc wizard (D:13)
  A dart slug (shapeshifter) (Elf:1)
  A kobold (shapeshifter) (Elf:1)
  4 ball lightnings (Zot:4)
  A creeping inferno (Zot:3)
  5 foxfires (Abyss:3)
  3 lurking horrors
  4 starspawn tentacles (Abyss:3)
  13 tentacles
47 creatures vanquished.

Grand Total: 2205 creatures vanquished

Notes
Turn   | Place    | Note
-------+----------+-------------------------------------------
     0 | D:1      | Anon1729 the Minotaur Monk began the quest for the Orb.
     0 | D:1      | Reached XP level 1. HP: 19/19 MP: 0/0
    18 | D:1      | Noticed a komodo dragon
    18 | D:1      | Noticed a hound
    18 | D:1      | Noticed a black bear
    19 | D:1      | Noticed a black mamba
    98 | D:1      | Reached XP level 2. HP: 27/27 MP: 1/1
   129 | D:1      | Reached skill level 1 in Armour
   395 | D:1      | Reached skill level 1 in Invocations
   435 | D:1      | Reached XP level 3. HP: 30/33 MP: 2/2
  1103 | D:2      | Noticed Robin
  1117 | D:2      | Killed Robin
  1141 | D:2      | Noticed Natasha
  1149 | D:2      | Killed Natasha
  1150 | D:2      | Reached XP level 4. HP: 16/40 MP: 2/4
  1355 | D:2      | Noticed Sigmund
  1366 | D:2      | Killed Sigmund
  1367 | D:2      | Reached XP level 5. HP: 39/47 MP: 5/5
  1495 | D:2      | Noticed Natasha
  1502 | D:2      | Killed Natasha
  1503 | D:2      | Reached XP level 6. HP: 55/55 MP: 6/6
  1611 | D:2      | Found a faded altar of an unknown god.
  1866 | D:2      | Noticed Natasha
  1873 | D:2      | Killed Natasha
  1968 | D:3      | Reached skill level 5 in Fighting
  2286 | D:3      | Found Ivaaskitis's Magic Scroll Shoppe.
  2304 | D:3      | Bought a scroll of teleportation for 36 gold pieces
  2304 | D:3      | Bought a scroll of identify for 24 gold pieces
  2304 | D:3      | Bought a scroll of poison for 48 gold pieces
  2402 | D:3      | Found a blossoming altar of Fedhas.
  2630 | D:4      | Reached XP level 7. HP: 33/61 MP: 8/8
  2763 | D:4      | Reached skill level 5 in Short Blades
  2763 | D:4      | Reached skill level 5 in Dodging
  3276 | D:4      | Found a shimmering altar of Xom.
  3468 | D:4      | Found a burning altar of Makhleb.
  3468 | D:4      | Found an iron altar of Okawaru.
  3476 | D:4      | Found a hazy altar of Hepliaklqana.
  3478 | D:4      | Found a faded altar of an unknown god.
  3480 | D:4      | Found a faded altar of an unknown god.
  3641 | D:5      | Entered Level 5 of the Dungeon
  3892 | D:5      | Found a broken altar of Ashenzari.
  3930 | D:5      | Found a staircase to the Ecumenical Temple.
  4108 | Temple   | Entered the Ecumenical Temple
  4114 | Temple   | Became a worshipper of Uskayaw the Reveller
  4114 | Temple   | Reached * piety under Uskayaw
  4131 | D:5      | Noticed Pikel
  4137 | D:5      | Reached ** piety under Uskayaw
  4143 | D:5      | Reached *** piety under Uskayaw
  4144 | D:5      | Killed Pikel
  4144 | D:5      | Reached **** piety under Uskayaw
  4145 | D:5      | Reached skill level 5 in Armour
  4145 | D:5      | Reached XP level 8. HP: 58/71 MP: 8/10
  4712 | D:5      | Found a runed translucent door.
  4713 | D:5      | Noticed Crazy Yiuf
  4720 | D:5      | Killed Crazy Yiuf
  5303 | D:6      | Found the +8 lance "Wyrmbane" {slay drac, rPois rF+ rC+
                  | AC+3}
  5854 | D:7      | Noticed Maggie
  5857 | D:7      | Noticed Duvessa
  5862 | D:7      | Noticed Dowan
  5870 | D:7      | Found a bloodstained altar of Trog.
  6045 | D:7      | Reached skill level 1 in Polearms
  6045 | D:7      | Reached skill level 5 in Invocations
  6045 | D:7      | Reached XP level 9. HP: 74/79 MP: 11/11
  6087 | D:7      | Noticed a troll
  6097 | D:7      | Killed a troll
  6098 | D:7      | Reached skill level 2 in Polearms
  6129 | D:7      | Killed Dowan
  6135 | D:7      | Killed Duvessa
  6317 | D:7      | Reached skill level 3 in Polearms
  6406 | D:7      | Reached ***** piety under Uskayaw
  6407 | D:7      | Killed Maggie
  6408 | D:7      | Reached skill level 4 in Polearms
  6506 | D:7      | Got the Parchment of the Inferno and Conduction
  6985 | D:8      | Reached skill level 1 in Shields
  7109 | D:8      | Found a runed translucent gate.
  7109 | D:8      | Found a runed translucent gate.
  7111 | D:8      | Noticed Anon1729's ghost (novice MiMo)
  7112 | D:8      | Found a runed translucent gate.
  7196 | D:8      | Found a sacrificial altar of Ru.
  7330 | D:8      | Noticed Erica
  7334 | D:8      | Noticed Maurice
  7341 | D:8      | Killed Erica
  7342 | D:8      | Reached skill level 5 in Polearms
  7348 | D:8      | Killed Maurice
  7349 | D:8      | Reached XP level 10. HP: 81/89 MP: 13/13
  7602 | D:9      | Noticed Prince Ribbit
  7641 | D:8      | Reached skill level 6 in Polearms
  7729 | D:9      | Killed Prince Ribbit
  7733 | D:9      | Reached skill level 7 in Polearms
  7914 | D:9      | Reached ****** piety under Uskayaw
  8049 | D:9      | Noticed Harold
  8067 | D:9      | Killed Harold
  8069 | D:9      | You fall into a shaft and drop 1 floor!
  8069 | D:10     | Entered Level 10 of the Dungeon
  8262 | D:10     | Noticed Grum
  8270 | D:10     | Reached skill level 8 in Polearms
  8279 | D:10     | Killed Grum
  8541 | D:10     | Reached XP level 11. HP: 97/97 MP: 15/15
  8909 | D:10     | Found an opulent altar of Gozag.
  8910 | D:10     | Found a sparkling altar of Nemelex Xobeh.
  9074 | D:9      | Reached skill level 5 in Shields
  9389 | D:9      | Found a staircase to the Lair.
  9586 | Lair:1   | Entered Level 1 of the Lair of Beasts
  9629 | Lair:1   | Reached skill level 9 in Polearms
  9636 | Lair:1   | You are sucked into a shaft and drop 1 floor!
  9685 | Lair:2   | Noticed a boulder beetle
  9733 | Lair:2   | Killed a boulder beetle
  9782 | Lair:2   | Reached skill level 10 in Fighting
  9916 | Lair:2   | Reached skill level 10 in Polearms
 10291 | Lair:2   | Found a hole to the Spider Nest.
 10449 | Lair:2   | Noticed Urug
 10461 | Lair:2   | Killed Urug
 10462 | Lair:2   | Reached XP level 12. HP: 91/107 MP: 16/16
 10676 | Lair:3   | Noticed a six-headed hydra
 10688 | Lair:3   | Killed a six-headed hydra
 10744 | Lair:3   | Reached skill level 10 in Armour
 10844 | Lair:3   | Reached skill level 11 in Polearms
 11091 | Lair:3   | Reached skill level 10 in Dodging
 11473 | Lair:3   | Reached skill level 12 in Polearms
 11816 | Lair:4   | Reached XP level 13. HP: 113/116 MP: 18/18
 12501 | Lair:5   | Entered Level 5 of the Lair of Beasts
 12798 | Lair:5   | Reached skill level 13 in Polearms
 13580 | Lair:5   | Noticed a fire dragon
 13589 | Lair:5   | Killed a fire dragon
 13760 | Lair:5   | Found a viscous altar of Jiyva.
 13761 | Lair:5   | Found a staircase to the Slime Pits.
 14113 | D:11     | Reached XP level 14. HP: 57/127 MP: 20/20
 14595 | D:11     | Reached skill level 14 in Polearms
 15544 | D:12     | Found Tetabom's Antique Armour Boutique.
 15708 | D:12     | Found a staircase to the Orcish Mines.
 15789 | D:12     | Identified the +3 pair of boots "Suemo" {rF+}
 16069 | D:12     | Reached skill level 10 in Invocations
 16521 | D:12     | Noticed Sonja
 16532 | Abyss:2  | Found a corrupted altar of Lugonu.
 16532 | Abyss:2  | Cast into level 2 of the Abyss (Sonja)
 16556 | Abyss:2  | Found a burning altar of Makhleb.
 16573 | Abyss:2  | Found a corrupted altar of Lugonu.
 16597 | Abyss:2  | Reached skill level 10 in Shields
 16623 | Abyss:2  | Found a corrupted altar of Lugonu.
 17197 | Abyss:3  | Noticed a bone dragon
 17244 | Abyss:3  | Noticed a quicksilver dragon
 17249 | Abyss:3  | Killed a quicksilver dragon
 17263 | Abyss:3  | Killed a bone dragon
 17267 | Abyss:3  | Noticed an angel
 17279 | Abyss:3  | Found a corrupted altar of Lugonu.
 17603 | D:12     | Escaped the Abyss
 17610 | D:12     | Killed Sonja
 17967 | D:13     | Reached skill level 15 in Polearms
 18177 | D:13     | Found a gate to the Vaults.
 18428 | D:13     | Noticed Lodul
 18437 | D:13     | Killed Lodul
 18778 | D:13     | Reached XP level 15. HP: 136/136 MP: 22/22
 19065 | Orc:1    | Entered Level 1 of the Orcish Mines
 19143 | Orc:1    | Noticed Jorgrun
 19157 | Orc:1    | Killed Jorgrun
 19470 | Orc:1    | Found a transporter.
 19605 | Orc:1    | Identified the +5 shortbow "Nijoif" {freeze, rC++ Str+5
                  | SInv}
 19607 | Orc:1    | Found a transporter.
 19969 | Orc:1    | Identified the +1 cloak "Adwikik" {rPois}
 20019 | Orc:2    | Entered Level 2 of the Orcish Mines
 20049 | Orc:2    | Found a staircase to the Elven Halls.
 20270 | Orc:2    | Found Viblekoy's General Store.
 20275 | Orc:2    | Paralysed by an orc sorcerer for 2 turns
 20280 | Orc:2    | Reached skill level 16 in Polearms
 20750 | Orc:2    | Found Isei's Book Shop.
 20937 | Orc:2    | Found Mopt's Antique Weapon Boutique.
 20950 | Orc:2    | Found Wukkewaa's Antique Armour Shop.
 20970 | Orc:2    | Gained mutation: Your body sometimes deteriorates upon
                  | taking damage. [a neqoxec]
 20977 | Orc:2    | Gained mutation: You occasionally shout uncontrollably at
                  | your foes. [a neqoxec]
 21728 | D:12     | Bought a glowing crystal plate armour for 2407 gold pieces
 21822 | D:14     | Found Hoessagi's Antique Weapon Boutique.
 21851 | D:14     | Noticed Nessos
 21873 | D:14     | You are sucked into a shaft and drop 1 floor!
 21873 | D:15     | Entered Level 15 of the Dungeon
 22076 | D:15     | Found a staircase to the Depths.
 22482 | D:15     | Paralysed by an orc sorcerer for 5 turns
 22654 | D:15     | Found an ancient bone altar of Kikubaaqudgha.
 23038 | D:15     | Identified the +1 war axe of Gluttony {elec, rF+ rC+ Will-
                  | Str+2}
 23534 | D:15     | Killed Nessos
 23675 | D:14     | Reached skill level 17 in Polearms
 23842 | D:14     | Reached XP level 16. HP: 147/147 MP: 23/23
 24449 | Elf:1    | Entered Level 1 of the Elven Halls
 24449 | Elf:1    | You fall into a shaft and drop 1 floor!
 24824 | Elf:2    | Found a runed translucent gate.
 24824 | Elf:2    | Found a runed translucent gate.
 24824 | Elf:2    | Found a runed translucent gate.
 24824 | Elf:2    | Noticed Zanukk's ghost (journeyman SpDe)
 24836 | Elf:2    | Identified Roxanne's Vellum of Transmigration
 24836 | Elf:2    | Noticed Roxanne
 25337 | Elf:2    | Reached skill level 15 in Armour
 25461 | Elf:2    | Found a runed translucent gate.
 25461 | Elf:2    | Found a runed translucent gate.
 25461 | Elf:2    | Found a runed translucent gate.
 25786 | Elf:1    | Noticed Frances
 25843 | Elf:1    | Killed Frances
 25977 | Elf:1    | Noticed Azrael
 26005 | Elf:1    | Killed Azrael
 26490 | Elf:1    | Reached skill level 15 in Fighting
 26594 | Elf:1    | Reached skill level 18 in Polearms
 26669 | Elf:1    | Got the Spellbook of the Hills
 26881 | Elf:3    | Entered Level 3 of the Elven Halls
 27002 | Elf:3    | Noticed Mara
 27007 | Elf:3    | Noticed a deep elf blademaster
 27007 | Elf:3    | Noticed a deep elf master archer
 27011 | Elf:3    | Noticed a deep elf master archer
 27605 | Elf:3    | Killed a deep elf master archer
 27720 | Elf:3    | Killed a deep elf blademaster
 27731 | Elf:3    | Reached XP level 17. HP: 139/156 MP: 25/25
 28704 | Abyss:3  | Cast into level 3 of the Abyss (a deep elf sorcerer)
 28790 | Elf:3    | Escaped the Abyss
 28811 | Elf:3    | Noticed a Hell Sentinel
 28815 | Abyss:3  | Cast into level 3 of the Abyss (a deep elf sorcerer)
 29050 | Abyss:3  | Paralysed by accursed screaming for 1 turns
 29055 | Abyss:3  | Reached skill level 19 in Polearms
 29091 | Elf:3    | Escaped the Abyss
 29154 | Elf:3    | Noticed Anon1729's illusion
 29384 | Elf:3    | Noticed Anon1729's illusion
 29400 | Elf:3    | Noticed Anon1729's illusion
 29407 | Elf:3    | Killed Mara
 29653 | Elf:3    | Killed a deep elf master archer
 30015 | Elf:3    | Noticed a deep elf master archer
 30023 | Elf:3    | Killed a deep elf master archer
 30039 | Elf:3    | Noticed a deep elf master archer
 30048 | Elf:3    | Killed a deep elf master archer
 30580 | Elf:3    | Identified the ring of Garaovap {rElec rPois Str+6 Int+3
                  | SInv}
 30610 | Elf:3    | Identified the +3 scale mail of Beaqe {rF+ rC+}
 30653 | Elf:3    | Identified the staff "Embalmer" {rF+ rN+ Will+ Fire}
 31145 | Elf:2    | Killed Zanukk's ghost
 31413 | Elf:2    | Killed Roxanne
 31772 | D:8      | Killed Anon1729's ghost
 31944 | Lair:1   | Noticed Gastronok
 31955 | Lair:1   | Killed Gastronok
 32294 | Lair:1   | Reached XP level 18. HP: 164/166 MP: 26/26
 32900 | Spider:1 | Entered Level 1 of the Spider Nest
 33466 | Spider:1 | Reached skill level 20 in Polearms
 34404 | Spider:2 | Noticed Asterion
 34423 | Spider:2 | Killed Asterion
 35280 | Spider:3 | Found a runed translucent door.
 35280 | Spider:3 | Noticed Tagocin's ghost (adept DsBe)
 35430 | Spider:3 | Killed Tagocin's ghost
 36472 | Spider:4 | Entered Level 4 of the Spider Nest
 36976 | Spider:4 | Reached skill level 15 in Shields
 37736 | Spider:4 | Reached skill level 21 in Polearms
 37773 | Spider:4 | Reached XP level 19. HP: 129/177 MP: 28/28
 38403 | Spider:4 | Got a gossamer rune of Zot
 38722 | D:13     | Identified a scroll of acquirement
 38727 | D:13     | Acquired 1085 gold pieces
 38954 | Shoals:1 | Entered Level 1 of the Shoals
 38960 | Shoals:1 | Identified the +1 executioner's axe of Tyahan {antimagic,
                  | rC- Str+3 Int+8 Stlth+}
 40286 | Shoals:2 | Found an opulent altar of Gozag.
 41037 | Shoals:3 | Found a runed translucent gate.
 41037 | Shoals:3 | Found a runed translucent gate.
 41037 | Shoals:3 | Found a runed translucent gate.
 41040 | Shoals:3 | Noticed Vony's ghost (adept OpMo)
 41435 | Shoals:4 | Entered Level 4 of the Shoals
 41633 | Shoals:4 | Found the +7 great mace "Undeadhunter" {deathbane, rN+}
 41911 | Shoals:4 | Noticed Polyphemus
 41944 | Shoals:4 | Killed Polyphemus
 42504 | Shoals:4 | Identified the +8 war axe of Patujorabe {flame, rF+ Dex+2}
 42953 | Shoals:4 | Got a barnacled rune of Zot
 43200 | Shoals:4 | Identified the +9 whip "Causurri" {freeze, Int+5 Dex+4}
 43500 | Shoals:4 | Reached skill level 15 in Invocations
 43500 | Shoals:4 | Reached XP level 20. HP: 187/187 MP: 28/30
 43588 | Shoals:3 | Reached skill level 22 in Polearms
 43622 | Shoals:2 | Killed Vony's ghost
 43759 | Shoals:3 | Identified the +1 cloak of True Grit {rPois rCorr Dex-3}
 43765 | Shoals:3 | Identified the ring "Lipnihoff" {Fly rN+ Dex+4 Stlth-}
 44113 | Vaults:1 | Entered Level 1 of the Vaults
 44477 | Vaults:1 | Paralysed by a sphinx for 2 turns
 44504 | Vaults:1 | Noticed Zenata
 44508 | Vaults:1 | Reached XP level 21. HP: 67/193 MP: 22/31
 45061 | Vaults:1 | Killed Zenata
 47076 | Vaults:3 | Reached skill level 23 in Polearms
 47260 | Vaults:3 | Found Cahyzxohe's Distillery.
 47263 | Vaults:3 | Bought a potion of heal wounds for 90 gold pieces
 47263 | Vaults:3 | Bought a potion of resistance for 180 gold pieces
 47263 | Vaults:3 | Bought a potion of haste for 180 gold pieces
 47263 | Vaults:3 | Bought a potion of attraction for 54 gold pieces
 47263 | Vaults:3 | Bought a potion of curing for 54 gold pieces
 47263 | Vaults:3 | Bought a potion of brilliance for 72 gold pieces
 47263 | Vaults:3 | Bought a potion of curing for 54 gold pieces
 47263 | Vaults:3 | Bought a potion of enlightenment for 90 gold pieces
 47263 | Vaults:3 | Bought a potion of mutation for 144 gold pieces
 47263 | Vaults:3 | Bought a potion of mutation for 144 gold pieces
 47754 | Abyss:3  | Cast into level 3 of the Abyss (a deep elf sorcerer)
 47879 | Abyss:3  | Gained mutation: You occasionally lose the ability to read
                  | scrolls when taking damage. [a cacodemon]
 47881 | Abyss:3  | Gained mutation: You are vulnerable to cold. (rC-) [a
                  | cacodemon]
 47887 | Abyss:3  | Gained mutation: You are weak. (Str -2) [a cacodemon]
 47890 | Abyss:3  | Gained mutation: You are very weak. (Str -4) [a cacodemon]
 47892 | Abyss:3  | Gained mutation: You are vulnerable to heat. (rF-) [a
                  | cacodemon]
 47901 | Abyss:3  | Gained mutation: You are very vulnerable to heat. (rF--) [a
                  | cacodemon]
 47912 | Abyss:3  | Lost mutation: You are very vulnerable to heat. (rF--)
                  | [potion of mutation]
 47912 | Abyss:3  | Lost mutation: You occasionally shout uncontrollably at
                  | your foes. [potion of mutation]
 47912 | Abyss:3  | Lost mutation: You are vulnerable to heat. (rF-) [potion of
                  | mutation]
 47912 | Abyss:3  | Gained mutation: Armour fits poorly on your strangely
                  | shaped body. [potion of mutation]
 47912 | Abyss:3  | Gained mutation: You have an increased reservoir of magic.
                  | (+10% MP) [potion of mutation]
 47913 | Abyss:3  | Lost mutation: Your body sometimes deteriorates upon taking
                  | damage. [potion of mutation]
 47913 | Abyss:3  | Lost mutation: You are vulnerable to cold. (rC-) [potion of
                  | mutation]
 47913 | Abyss:3  | Lost mutation: You have an increased reservoir of magic.
                  | (+10% MP) [potion of mutation]
 47913 | Abyss:3  | Lost mutation: You occasionally lose the ability to read
                  | scrolls when taking damage. [potion of mutation]
 47913 | Abyss:3  | Gained mutation: You have hidden genetic potential. [potion
                  | of mutation]
 47913 | Abyss:3  | Gained mutation: You are agile. (Dex +4, Str/Int -1)
                  | [potion of mutation]
 47914 | Abyss:3  | Lost mutation: You have hidden genetic potential. [potion
                  | of mutation]
 47914 | Abyss:3  | Lost mutation: You are agile. (Dex +4, Str/Int -1) [potion
                  | of mutation]
 47914 | Abyss:3  | Lost mutation: Armour fits poorly on your strangely shaped
                  | body. [potion of mutation]
 47914 | Abyss:3  | Gained mutation: You are vulnerable to cold. (rC-) [potion
                  | of mutation]
 47914 | Abyss:3  | Gained mutation: You occasionally shout uncontrollably at
                  | your foes. [potion of mutation]
 47914 | Abyss:3  | Gained mutation: Your magical capacity is low. (-10% MP)
                  | [potion of mutation]
 47914 | Abyss:3  | Gained mutation: You have supernaturally acute eyesight.
                  | (SInv) [potion of mutation]
 47915 | Abyss:3  | Lost mutation: You are vulnerable to cold. (rC-) [potion of
                  | mutation]
 47915 | Abyss:3  | Lost mutation: Your magical capacity is low. (-10% MP)
                  | [potion of mutation]
 48168 | Vaults:3 | Escaped the Abyss
 48171 | Vaults:3 | Reached XP level 22. HP: 136/204 MP: 32/32
 48399 | Vaults:3 | Found a staircase to the Crypt.
 48739 | Vaults:3 | Found Yckau's Armour Emporium.
 49042 | Vaults:4 | Identified the +10 falchion of Poverty {speed, Str+2}
 50167 | Vaults:4 | Found Ynuis's Weapon Emporium.
 50388 | Vaults:4 | Reached skill level 24 in Polearms
 50932 | Depths:1 | Entered Level 1 of the Depths
 51470 | Depths:1 | Found a gateway to Hell.
 51764 | Depths:1 | Found Mulepp's Armour Shop.
 52754 | Depths:2 | Found a one-way gate leading to the halls of Pandemonium.
 52927 | Depths:2 | You fall into a shaft and drop 2 floors!
 52927 | Depths:4 | Entered Level 4 of the Depths
 52959 | Depths:4 | Reached XP level 23. HP: 202/215 MP: 34/34
 53469 | Depths:4 | Found a runed translucent gate.
 53470 | Depths:4 | Found a runed translucent gate.
 53470 | Depths:4 | Found a runed translucent gate.
 53528 | Depths:4 | Paralysed by a floating eye for 3 turns
 53728 | Depths:4 | Reached skill level 25 in Polearms
 53815 | Depths:4 | Noticed Saint Roka
 54198 | Depths:4 | Killed Saint Roka
 54721 | Depths:4 | Found a gate to the Realm of Zot.
 54997 | Depths:4 | Reached XP level 24. HP: 224/224 MP: 34/34
 54998 | Depths:4 | Reached XP level 25. HP: 232/232 MP: 34/34
 54999 | Depths:4 | Found a runed translucent gate.
 54999 | Depths:4 | Found a runed translucent gate.
 55003 | Depths:4 | Noticed psellion's ghost (veteran TrEE)
 55007 | Depths:4 | Found a runed translucent gate.
 55523 | Depths:3 | Noticed a juggernaut
 55550 | Depths:3 | Killed a juggernaut
 55866 | Depths:3 | Found a one-way gateway to a ziggurat.
 55916 | Depths:3 | Found a one-way gate to the infinite horrors of the Abyss.
 55920 | Depths:3 | Noticed Louise
 55940 | Depths:3 | Killed Louise
 56924 | Depths:2 | Noticed Vv
 56950 | Depths:2 | Killed Vv
 57046 | Depths:2 | Found a broken altar of Ashenzari.
 57181 | Depths:2 | Reached skill level 26 in Polearms
 57387 | Depths:2 | Reached XP level 26. HP: 242/242 MP: 34/34
 57387 | Depths:2 | Identified the ring "Gaseas" {rF+ Stlth+}
 57923 | Slime:1  | Entered Level 1 of the Pits of Slime
 57945 | Slime:1  | Gained mutation: Your magical capacity is low. (-10% MP) [a
                  | shining eye]
 57948 | Slime:1  | Gained mutation: You sometimes lose your temper in combat.
                  | [a shining eye]
 58183 | Slime:1  | Lost mutation: Your magical capacity is low. (-10% MP)
                  | [potion of mutation]
 58183 | Slime:1  | Lost mutation: You sometimes lose your temper in combat.
                  | [potion of mutation]
 58183 | Slime:1  | Lost mutation: You are very weak. (Str -4) [potion of
                  | mutation]
 58183 | Slime:1  | Gained mutation: You have a pair of large horns on your
                  | head. [potion of mutation]
 58183 | Slime:1  | Gained mutation: You are agile. (Dex +4, Str/Int -1)
                  | [potion of mutation]
 58251 | Slime:2  | Lost mutation: You are agile. (Dex +4, Str/Int -1) [a
                  | shining eye]
 58253 | Slime:2  | Gained mutation: You occasionally lose the ability to drink
                  | potions when taking damage. [a shining eye]
 59148 | Slime:5  | Entered Level 5 of the Pits of Slime
 59210 | Slime:5  | Found a viscous altar of Jiyva.
 59211 | Slime:5  | Noticed the Royal Jelly
 59247 | Slime:5  | Reached skill level 1 in Evocations
 59249 | Slime:5  | Killed the Royal Jelly
 59251 | Slime:5  | Paralysed by a floating eye for 2 turns
 59268 | Slime:5  | Paralysed by a floating eye for 3 turns
 59581 | Slime:5  | Identified the +2 trident "Diot" {protect, rCorr Dex+4}
 59614 | Slime:5  | Got a slimy rune of Zot
 59651 | Slime:5  | Identified the ring of Sewur {rN+ Str+6 Int+6 Stlth-}
 60064 | Slime:5  | Lost mutation: You are weak. (Str -2) [potion of mutation]
 60064 | Slime:5  | Lost mutation: You have a pair of large horns on your head.
                  | [potion of mutation]
 60064 | Slime:5  | Gained mutation: Your system is resistant to poisons.
                  | (rPois) [potion of mutation]
 60064 | Slime:5  | Gained mutation: You are somewhat resistant to further
                  | mutation. [potion of mutation]
 60065 | Slime:5  | Lost mutation: You occasionally shout uncontrollably at
                  | your foes. [potion of mutation]
 60065 | Slime:5  | Lost mutation: Your system is resistant to poisons. (rPois)
                  | [potion of mutation]
 60066 | Slime:5  | Lost mutation: You are somewhat resistant to further
                  | mutation. [potion of mutation]
 60066 | Slime:5  | Lost mutation: You occasionally lose the ability to drink
                  | potions when taking damage. [potion of mutation]
 60066 | Slime:5  | Lost mutation: You have supernaturally acute eyesight.
                  | (SInv) [potion of mutation]
 60066 | Slime:5  | Gained mutation: You are clumsy. (Dex -2) [potion of
                  | mutation]
 60495 | Zot:1    | Entered Level 1 of the Realm of Zot
 61289 | Zot:1    | Reached skill level 5 in Throwing
 61979 | Zot:2    | Reached skill level 5 in Stealth
 62491 | Zot:2    | Identified the +0 robe of Fashionability {rPois rF- rC+
                  | Str+4}
 63095 | Zot:3    | Noticed an orb of fire
 63104 | Zot:3    | Gained mutation: Your magical capacity is low. (-10% MP)
                  | [an orb of fire]
 63107 | Zot:3    | Gained mutation: Your spells are a little easier to cast,
                  | but a little less powerful. [an orb of fire]
 63112 | Zot:3    | Killed an orb of fire
 63126 | Zot:3    | Reached XP level 27. HP: 197/251 MP: 31/31
 63364 | Zot:3    | Reached skill level 5 in Evocations
 63387 | Zot:3    | Found a transporter.
 63405 | Zot:3    | Found a transporter.
 63633 | Zot:3    | Identified the +0 pair of gloves "Tuin" {rC- Dex+3}
 65962 | Zot:5    | Entered Level 5 of the Realm of Zot
 66043 | Zot:5    | Noticed an orb of fire
 66047 | Zot:5    | Noticed an orb of fire
 66052 | Zot:5    | Noticed an orb of fire
 66274 | Zot:4    | Gained mutation: Armour fits poorly on your strangely
                  | shaped body. [an orb of fire]
 66285 | Zot:4    | Killed an orb of fire
 66286 | Zot:4    | Lost mutation: Armour fits poorly on your strangely shaped
                  | body. [potion of mutation]
 66286 | Zot:4    | Lost mutation: Your magical capacity is low. (-10% MP)
                  | [potion of mutation]
 66286 | Zot:4    | Lost mutation: Your spells are a little easier to cast, but
                  | a little less powerful. [potion of mutation]
 66286 | Zot:4    | Gained mutation: Your body sometimes deteriorates upon
                  | taking damage. [potion of mutation]
 66286 | Zot:4    | Gained mutation: You have large cloven feet. [potion of
                  | mutation]
 66331 | Zot:5    | Noticed an orb of fire
 66343 | Zot:5    | Killed an orb of fire
 66343 | Zot:5    | Noticed an orb of fire
 66344 | Zot:5    | Reached skill level 27 in Polearms
 66346 | Zot:5    | Noticed an orb of fire
 66356 | Zot:5    | Killed an orb of fire
 66356 | Zot:5    | Gained mutation: You occasionally shout uncontrollably at
                  | your foes. [an orb of fire]
 66365 | Zot:5    | Killed an orb of fire
 66584 | Zot:5    | Killed an orb of fire
 66670 | Zot:5    | Identified the +5 short sword of the Boiling Point
                  | {protect, Fly rF+ Int+4}
 66764 | Zot:5    | Noticed an orb of fire
 66777 | Zot:5    | Killed an orb of fire
 66890 | Zot:5    | Gained mutation: You frequently scream uncontrollably at
                  | your foes. [an orb of fire]
 66895 | Zot:5    | Killed an orb of fire
 66984 | Zot:5    | Noticed an orb of fire
 66994 | Zot:5    | Killed an orb of fire
 67560 | Zot:5    | Noticed an orb of fire
 67565 | Zot:5    | Noticed a dread lich
 67568 | Zot:5    | Killed an orb of fire
 68105 | Zot:5    | Killed a dread lich
 68434 | Zot:5    | Got the Orb of Zot
 68559 | Zot:3    | Noticed Aviul the pandemonium lord
 68730 | Depths:3 | Reached skill level 10 in Throwing
 69224 | D:6      | Noticed Awnerph the pandemonium lord
 69364 | D:$      | Escaped with the Orb!

Illustrated notes

Levels and vault maps discovered:
D:1:      onia_arrival_zoo_common, layout_basic, minivault_11
D:2:      layout_loops_ring, dreamdust_ecumenical_altar_hidden_monk_grotto,
          dreamdust_mushroom_princess, uniq_robin, uniq_natasha, uniq_sigmund
D:3:      layout_rooms, mainiacjoe_overflow_alcove_1, serial_shops, shop,
          grunt_ministairs_8
D:4:      layout_cave_pools, xom_teletrap_fun,
          chequers_temple_overflow_minitemple, minmay_cupped
D:5:      layout_basic, mainiacjoe_overflow_catwalk,
          minmay_temple_entry_butterflies, minmay_stone_trees_medium,
          uniq_pikel, uniq_crazy_yiuf_cottage
D:6:      layout_loops_corners, minmay_misc_feat_hallway, serial_park_tiny_pond,
          nicolae_sextant, supply_closet_lemuel, nrook_mini_vaults
D:7:      layout_basic, mainiacjoe_overflow_small_starburst, uniq_maggie,
          uniq_duvessa
D:8:      layout_basic, nicolae_ru_path_of_blood, ebering_ghost_rock_garden,
          uniq_erica, uniq_maurice
D:9:      layout_loops_ring, david_lair_shrubbed, fountainhead, uniq_harold,
          uniq_prince_ribbit1
D:10:     layout_stronghold, grunt_temple_overflow_opulence, uniq_grum
D:11:     layout_basic, minmay_bent
D:12:     layout_loops_corners, minmay_orc_entry_temple_large, serial_shops,
          nicolae_square_shop, grunt_ministairs_1, uniq_sonja
D:13:     layout_small_grid, erik_vaults_2, minmay_orc_keep, uniq_lodul
D:14:     minmay_evil_eye, layout_cave_pools, serial_park,
          serial_park_tiny_pond, serial_park_square2, serial_shops,
          nicolae_shop_competitors_out_of_business, grunt_decor_clamped,
          uniq_nessos
D:15:     gammafunk_depths_entry_grave, layout_irregular_city,
          kiku_gazebo_garden_becter
Temple:   nicolae_temple_no_exploring_needed
Lair:1:   layout_loops_ring, lemuel_fruit_fields, uniq_gastronok
Lair:2:   layout_hall_layers, nicolae_shoals_entry_flooding,
          spider_nest_entry_rubble, pond, grunt_megastairs_3,
          serial_bayou_shore_b, uniq_urug
Lair:3:   minmay_lair_oklob_chamber, layout_regular_city, grunt_megastairs_2
Lair:4:   layout_gridlike, beast_lair_carwin_7
Lair:5:   guppyfry_lair_end_dragon, layout_cave_pods,
          hangedman_lair_tendril_chambers, slime_entry_1,
          bh_autumn_forest_stairs
Shoals:1: layout_shoals, nicolae_shoals_loop_pool
Shoals:2: layout_shoals, lemuel_altar_in_water
Shoals:3: layout_shoals, gammafunk_ghost_tricky_traps
Shoals:4: shoals_end_hangedman, layout_shoals, uniq_polyphemus
Spider:1: layout_chambers
Spider:2: nicolae_orb_stairs_large, nicolae_spider_swamp_cousins, uniq_asterion
Spider:3: layout_spider_delve, hellmonk_ghost_happy_afterlife,
          hellmonk_deceptive_appearances
Spider:4: guppyfry_spider_rune
Slime:1:  layout_caves
Slime:2:  layout_caves
Slime:3:  layout_caves, special_room [special_room_jelly]
Slime:4:  layout_caves
Slime:5
Orc:1:    gammafunk_beogh_shrine, layout_diamond_mine, uniq_jorgrun
Orc:2:    grunt_orc_gardens, layout_caves, grunt_orc_garden, grunt_orc_garden,
          grunt_orc_garden, grunt_orc_garden
Elf:1:    eino_elf_arrival_sip, layout_gridlike, minmay_elf_necromancy,
          nicolae_elf_shapeshifter_party, uniq_azrael, uniq_frances
Elf:2:    nicolae_elf_blades_splatter_lattice
          [nicolae_blade_entry_sentries_behind_glass], layout_onion_city,
          gammafunk_ghost_split, guppyfry_library_mini, uniq_roxanne
Elf:3:    minmay_elf_hall_four_x, layout_onion_city, uniq_louise, uniq_mara
Vaults:1: hangedman_vaults_hat, vaults_room_semicircle,
          nicolae_vaults_apartment_2, ontoclasm_vaults_idyll,
          vaults_room_octagon, nicolae_vaults_octothorpe, vaults_mumra_hex,
          vaults_room_pool, vaults_mumra_lcd, nicolae_vaults_lightning_bolt,
          vaults_dpeg_ring, layout_vaults_omnibox, uniq_zenata
Vaults:2: nicolae_vaults_statue_guard, grunt_vaults_twisty, v_misc_15,
          nicolae_vaults_prndl, nicolae_vaults_storage_closets_3, v_misc_3,
          nicolae_vaults_trapezoid_lopsided_1, vaults_room_pools,
          nicolae_vaults_storage_room_water, grunt_vaults_hallway_short,
          layout_vaults_omnicross, uniq_margery
Vaults:3: nicolae_vaults_spaceships, hangedman_vaults_capsules,
          nicolae_vaults_oval_intersection, nicolae_vaults_more_shelving_2,
          v_misc_18, hangedman_vaults_stitches,
          nicolae_vaults_trapezoid_lopsided_2, vaults_room_stairs_pillars,
          nicolae_vaults_tetromino_L_2, nicolae_vaults_tetromino_T_1,
          dpeg_vaults_monster_box, nicolae_vaults_house_1,
          nicolae_vaults_double_plus_1, nicolae_vaults_house_2,
          layout_vaults_chaotic_city, serial_shops,
          nicolae_shop_tiny_real_fake_doors
Vaults:4: nicolae_vaults_door_testing_chamber, nicolae_vaults_oval_intersection,
          nicolae_vaults_tetromino_T_1, hangedman_vaults_snaps,
          grunt_vaults_trifunnel, v_misc_27,
          nicolae_vaults_windows_and_doors_thing, layout_vaults_quadrants,
          serial_shops, nicolae_shop_trees
Depths:1: layout_long_grid, grunt_mini_vestibule, serial_shops,
          nicolae_shop_tiny_glass, hangedman_decor_points, grunt_tough_drop,
          serial_bayou_shore_b, firewood_loft, grunt_megastairs_1,
          serial_bayou_shore_b
Depths:2: kennysheep_blocky_room, layout_gridlike, nicolae_ashenzari_skybound,
          hell_entry, grunt_pan_entry_zigzag, minmay_metal_thing, uniq_vv
Depths:3: minmay_the_grid_octo_tiled_octocenter [minmay_the_grid_octo_77,
          minmay_the_grid_octo_checkered, minmay_the_grid_octo_thin_diamonds,
          minmay_the_grid_octo_fat_diamond,
          minmay_the_grid_octo_prize_square_snowflake,
          minmay_the_grid_square_5x5_empty, minmay_the_grid_square_5x5_percent,
          minmay_the_grid_square_5x5_v, minmay_the_grid_square_5x5_doubleslash],
          layout_cave_shapes, enter_ziggurat_b, serial_bayou_ford_a,
          nicolae_abyss_entry_one_way_or_another, hangedman_coc_ice_floe,
          minmay_variable_closet, infiniplex_staircase_pool_2
Depths:4: evilmike_zot_entry_diamond, layout_gridlike, hell_entry,
          ploomutoo_gammafunk_ghost_potion_laboratory, minmay_shattered_shrine,
          uniq_saint_roka
Zot:1:    layout_twisted_circle, amethyst_zot_foddershock, uniq_grunn
Zot:2:    layout_misc_corridors, drop_trap
Zot:3:    gammafunk_sealed_arena, layout_misc_corridors, st_stairs_8,
          hangedman_hellfire_club
Zot:4:    infiniplex_zot_generator, layout_gridlike
Zot:5:    layout_twisted_circle, skrybe_zot_glass_3

Skill      XL: |  1  2  3  4  5  6  7  8  9 10 11 12 13 14 15 16 17 18 19 20 21 22 23 24 25 26 27 |
---------------+----------------------------------------------------------------------------------+-----
Armour         | 1 2 3 5 6 7 8 9 10 11 13 14 16 17 19 20 21 23 24 25 26 | 26.9
Invocations    | 1 2 3 4 5 6 7 8 9 10 11 12 13 15 16 17 18 | 18.9
Fighting       | 4 5 6 7 8 9 10 11 12 13 14 15 16 17 18 19 20 21 22 | 22.3
Short Blades   | 4 6 |  6.5
Dodging        | 4 6 7 8 9 10 11 12 | 12.5
Polearms       | 1 5 8 10 12 13 15 17 18 19 21 22 23 24 25 26 27 | 27.0
Shields        | 2 4 6 8 9 10 12 13 14 15 16 17 18 19 20 21 | 21.0
Throwing       | 3 6 10 | 10.1
Stealth        | 2 5 9 |  9.2
Evocations     | 4 8 |  8.7

Action                     |  1- 3 |  4- 6 |  7- 9 | 10-12 | 13-15 | 16-18 | 19-21 | 22-24 | 25-27 || total
---------------------------+-------+-------+-------+-------+-------+-------+-------+-------+-------++-------
  Melee: Short sword       |    94 |     7 |       |       |       |       |       |       |       ||   101
         Headbutt          |    16 |    35 |   103 |   155 |   347 |   370 |   334 |   338 |   507 ||  2205
         Dagger            |       |   131 |   223 |       |       |       |       |       |       ||   354
         Lance             |       |       |    99 |   526 |  1479 |  1631 |  1648 |  1124 |  1849 ||  8356
 Invoke: Line Pass         |       |       |     2 |       |     5 |     2 |     5 |       |     2 ||    16
         Stomp             |       |       |       |     2 |     9 |     3 |     1 |     1 |     3 ||    19
         Grand Finale      |       |       |       |       |     2 |     5 |     4 |       |     4 ||    15
  Evoke: Wand              |       |       |       |       |       |       |     4 |     1 |     3 ||     8
    Use: Scroll            |       |     6 |     5 |     4 |    11 |    14 |     7 |       |     7 ||    54
         Potion            |       |       |       |       |     9 |     4 |    11 |     2 |     9 ||    35
   Stab: Paralysed         |       |       |    12 |    57 |   162 |   200 |   181 |   166 |   235 ||  1013
         Confused          |       |       |     1 |       |       |       |     3 |       |     2 ||     6
         Distracted        |       |       |       |       |     2 |       |       |       |       ||     2
         Invisible         |       |       |       |       |       |       |     2 |       |       ||     2
 Armour: Robe              |     6 |       |       |       |       |       |       |       |       ||     6
         Scale mail        |     8 |     4 |       |       |       |       |       |       |       ||    12
         Leather armour    |       |    25 |    43 |       |       |       |       |       |       ||    68
         Troll leather arm |       |       |    12 |   129 |    64 |       |       |       |       ||   205
         Swamp dragon scal |       |       |       |       |   170 |       |       |       |       ||   170
         Storm dragon scal |       |       |       |       |    42 |   164 |       |       |       ||   206
         Crystal plate arm |       |       |       |       |    35 |   283 |   566 |   288 |   667 ||  1839
  Dodge: Dodged            |    49 |    65 |   145 |   231 |   386 |   292 |   255 |   145 |   358 ||  1926
  Block: Kite shield       |       |       |       |    20 |   596 |   412 |   681 |   350 |   732 ||  2791

Table legend: (Time is in decaauts)
 A = Elapsed time spent in this place.
 B = Non-inter-level travel time spent in this place.
 C = Inter-level travel time spent in this place.
 D = Time resting spent in this place.
 E = Time spent auto-exploring this place.
 F = Levels seen in this place.
 G = Mean time per level.
                   A        B        C        D        E       F      G
               +--------+--------+--------+--------+--------+-----+--------+
         Total |  65939 |  60423 |   5516 |   6931 |  42954 |  57 | 1156.8 |
       Dungeon |  17789 |  15145 |   2644 |   1452 |  11549 |  15 | 1185.9 |
        Temple |     12 |      6 |      6 |      0 |      0 |   1 |   12.0 |
          Lair |   5515 |   4756 |    759 |     88 |   3842 |   5 | 1103.0 |
        Shoals |   4877 |   4645 |    232 |    553 |   3332 |   4 | 1219.2 |
   Spider Nest |   5286 |   5138 |    148 |    690 |   3617 |   4 | 1321.5 |
    Slime Pits |   2020 |   1914 |    106 |     57 |   1551 |   5 |  404.0 |
  Orcish Mines |   2566 |   2253 |    313 |    171 |   1632 |   2 | 1283.0 |
   Elven Halls |   6451 |   6201 |    250 |   1269 |   3880 |   3 | 2150.3 |
        Vaults |   5654 |   5357 |    297 |    349 |   4046 |   4 | 1413.5 |
        Depths |   6351 |   5946 |    405 |     51 |   4689 |   4 | 1587.8 |
           Zot |   7752 |   7401 |    351 |   1623 |   4429 |   5 | 1550.4 |
         Abyss |   1661 |   1661 |      0 |    625 |    384 |   5 |  332.2 |
               +--------+--------+--------+--------+--------+-----+--------+

Top non-repeatable levels by time:
   Elf:3: 3459 daAuts
   Zot:5: 2102 daAuts
   Elf:2: 2012 daAuts
Depths:4: 1980 daAuts
    D:15: 1965 daAuts
    D:11: 1765 daAuts
   Zot:4: 1761 daAuts
    D:12: 1703 daAuts
Shoals:4: 1660 daAuts
Vaults:4: 1635 daAuts
Depths:1: 1620 daAuts
Spider:3: 1555 daAuts
   Zot:3: 1523 daAuts
 Abyss:3: 1505 daAuts
   Orc:2: 1500 daAuts
